 Dungeon Crawl Stone Soup version 0.29-a0-241-g20d21d4356 (webtiles) character file.

Game seed: 2406832697818262570

201 Ordine the Cudgeller (level 5, -3/29 (32) HPs)
             Began as a Tengu Warper on Mar 4, 2022.
             Slain by a necrophage (7 damage)
             ... on level 4 of the Dungeon.
             The game lasted 00:07:23 (4026 turns).

Ordine the Cudgeller (Tengu Warper)                 Turns: 4026, Time: 00:07:24

HP:   -3/29 (32)    AC:  3    Str: 10 (13) XL:     5   Next: 79%
MP:   9/9           EV: 13    Int: 19 (20) God:
Gold: 226           SH:  5    Dex: 11 (13) Spells: 8/8 levels left

rFire   . . .      SeeInvis .   a - +0 mace
rCold   . . .      Faith    .   u - +2 buckler {reflect}
rNeg    . . .      Spirit   .   b - +0 leather armour
rPois   .          Reflect  +   (helmet restricted)
rElec   .          Harm     .   (no cloak)
rCorr   +          Rampage  .   (no gloves)
Will    .....                   (boots unavailable)
Stlth   +.........              q - amulet of the acrobat
HPRegen 0.09/turn               t - ring of resist corrosion
MPRegen 0.11/turn               x - +6 ring of intelligence

@: flying quickly and evasively, drained, quick
A: beak, talons 3, nimble flight
a: no special abilities


You were on level 4 of the Dungeon.
You visited 1 branch of the dungeon, and saw 4 of its levels.

You collected 226 gold pieces.

Inventory:

Hand Weapons
 a - a +0 mace (weapon)
 v - the +7 short sword of Irrepressible Laughter {protect, Str+3 Stlth-}
   (You found it on level 3 of the Dungeon)

   It grants its wielder temporary protection when it strikes (+7 to AC).
   Str:       It affects your strength (+3).
   Stlth:     It makes you less stealthy.
Missiles
 d - 5 boomerangs of dispersal
 j - 8 atropa-tipped darts
 m - 11 poisoned darts
Armour
 b - a +0 leather armour (worn)
 u - a +2 buckler of reflection (worn)
Jewellery
 h - a ring of protection from cold
 k - a ring of ice
 q - an amulet of the acrobat (around neck)
 t - a ring of resist corrosion (left hand)
 x - a +6 ring of intelligence (right hand)
Wands
 y - a wand of charming (7)
Scrolls
 c - a scroll of blinking
 e - a scroll of enchant weapon {unknown}
 f - 2 scrolls of amnesia {unknown}
 g - 6 scrolls of identify {unknown}
 i - a scroll of noise {unknown}
 l - 4 scrolls of fear {unknown}
 n - a scroll of enchant armour {unknown}
Potions
 r - 2 potions of attraction
 s - a potion of mutation {unknown}
 w - a potion of brilliance


   Skills:
 + Level 3.3 Fighting
 * Level 4.7 Maces & Flails
 + Level 2.7 Throwing
 - Level 1.1 Armour
 - Level 2.1 Dodging
 - Level 2.0 Spellcasting
 - Level 2.4 Translocations


You had 8 spell levels left.
You didn't know any spells.
Your spell library contained the following spells:

 Spells                   Type           Power      Damage    Failure   Level
 Blink                    Tloc           22%        N/A       19%         2
 Gell's Gravitas          Tloc           11%        N/A       34%         3
 Lesser Beckoning         Tloc           11%        N/A       34%         3
 Teleport Other           Tloc           11%        N/A       34%         3
 Manifold Assault         Tloc           11%        N/A       97%         5


Dungeon Overview and Level Annotations

Branches:
Dungeon (4/15)
 Temple: D:4-7

Altars:


Innate Abilities, Weirdness & Mutations

You have a beak for a mouth.
You have claws for feet.
Your magical nature lets you fly swiftly and evasively.


Message History

The phantom is lightly damaged.
The phantom barely misses you.
You hit the phantom but do no damage. You claw the phantom, but do no damage.
The phantom is lightly damaged.
The phantom closely misses you.
You closely miss the phantom.
The phantom is lightly damaged.
The phantom hits you.
The phantom blinks!
You blink.
The phantom hits you.
You hit the phantom. You peck the phantom, but do no damage.
The phantom is lightly damaged.
The phantom hits you.
The phantom blinks!
You blink.
You sock the phantom! Your kick misses the phantom.
The phantom is heavily damaged.
You block the phantom's attack.
You barely miss the phantom. You claw the phantom!
The phantom is severely damaged.
You block the phantom's attack.
You closely miss the phantom. You peck the phantom, but do no damage.
The phantom is severely damaged.
The phantom hits you. x2
You are too injured to fight recklessly!
You hit the phantom.
The phantom is severely damaged.
The phantom misses you.
You miss the phantom. Your kick misses the phantom.
The phantom is severely damaged.
The phantom hits you!
* * * LOW HITPOINT WARNING * * *
The phantom blinks!
You blink.
You miss the phantom.
The phantom is severely damaged.
You block the phantom's attack.
You barely miss the phantom.
The phantom is severely damaged.
The phantom completely misses you.
It was a potion of degeneration.
There was something very wrong with that liquid.
You feel weakened.
You feel dopey.
You feel clumsy. The phantom misses you. The necrophage hits you!
You die...

#.# ..# #.# ### #.# #.# #.#
### ###### #.# .. .....# #.#
.#
####.#####.############^####
#..n........W@n.<.......#
#######.#########.#####.#
#.#########ยง# #........##.#
###########.# #.# #.# #.#
#.#


You could see a phantom and a necrophage.

Vanquished Creatures
  An iguana (D:4)
  An orc wizard (D:4)
  Robin (D:3)
  A gnoll (D:1)
  2 adders
  A white imp (D:4)
  An ufetubus (D:4)
  2 worms (D:2)
  3 dart slugs
  7 orcs (D:4)
  5 ball pythons
  11 hobgoblins
  6 jackals
  2 quokkas
  A bat (D:1)
  2 frilled lizards (D:2)
  13 goblins
  3 kobolds
  6 rats
69 creatures vanquished.

Vanquished Creatures (others)
  An orc wizard (D:4)
1 creature vanquished.

Grand Total: 70 creatures vanquished

Notes
Turn   | Place    | Note
-------+----------+-------------------------------------------
     0 | D:1      | Ordine the Tengu Warper began the quest for the Orb.
     0 | D:1      | Reached XP level 1. HP: 12/12 MP: 4/4
    83 | D:1      | Reached XP level 2. HP: 17/17 MP: 6/6
   524 | D:1      | Found a faded altar of an unknown god.
   532 | D:1      | Reached skill level 3 in Maces & Flails
   542 | D:1      | Reached XP level 3. HP: 8/22 MP: 7/7
  1716 | D:2      | Reached XP level 4. HP: 26/27 MP: 8/8
  2435 | D:3      | Noticed Robin
  2438 | D:3      | Killed Robin
  2447 | D:3      | Reached skill level 4 in Maces & Flails
  2789 | D:3      | Identified the +7 short sword of Irrepressible Laughter
                  | {protect, Str+3 Stlth-}
  3190 | D:4      | Gained mutation: Your magical nature lets you fly swiftly
                  | and evasively. [Tengu growth]
  3190 | D:4      | Reached XP level 5. HP: 15/32 MP: 9/9
  3754 | D:4      | Noticed a phantom
  4026 | D:4      | Slain by a necrophage

Illustrated notes

Levels and vault maps discovered:
D:1:      lemuel_arrival_cross, layout_basic, nicolae_ecumenical_snake_handling
D:2:      layout_loops_ring, kennysheep_generic_room_8
D:3:      layout_loops_ring, uniq_robin
D:4:      layout_loops_ring, sigmund_army

Skill      XL: |  1  2  3  4 |
---------------+-------------+-----
Maces & Flails | 3 4 |  4.7
Throwing       | 2 |  2.7
Fighting       | 3 |  3.3
Armour         | |  1.1
Dodging        | |  2.1
Spellcasting   | |  2.0
Translocations | |  2.4

Action                   |  1- 3 |  4- 6 || total
-------------------------+-------+-------++-------
Melee: Mace              |    72 |   142 ||   214
       Kick              |    14 |    32 ||    46
       Peck              |     6 |    21 ||    27
  Use: Potion            |       |     4 ||     4
Armor: Leather armour    |    20 |    26 ||    46
Dodge: Dodged            |    39 |    77 ||   116
Block: Buckler           |       |    24 ||    24

Table legend: (Time is in decaauts)
 A = Elapsed time spent in this place.
 B = Non-inter-level travel time spent in this place.
 C = Inter-level travel time spent in this place.
 D = Time resting spent in this place.
 E = Time spent auto-exploring this place.
 F = Levels seen in this place.
 G = Mean time per level.
                   A        B        C        D        E       F      G
               +--------+--------+--------+--------+--------+-----+--------+
         Total |   4051 |   3958 |     93 |    185 |   3153 |   4 | 1012.8 |
       Dungeon |   4051 |   3958 |     93 |    185 |   3153 |   4 | 1012.8 |
               +--------+--------+--------+--------+--------+-----+--------+

Top non-repeatable levels by time:
     D:1: 1243 daAuts
     D:3: 1085 daAuts
     D:2: 1011 daAuts
     D:4: 711 daAuts
